 Dungeon Crawl Stone Soup version 0.28.0 (webtiles) character file.

Game seed: 6527311319145812822

3 Armakuni the Magician (level 1, 0/12 HPs)
             Began as a Deep Elf Transmuter on Feb 8, 2022.
             Slain by a quokka (3 damage)
             ... on level 1 of the Dungeon.
             The game lasted 00:00:46 (365 turns).

Armakuni the Magician (Deep Elf Transmuter)          Turns: 365, Time: 00:00:47

Health: 0/12       AC:  2    Str:  7    XL:     1   Next: 41%
Magic:  5/6        EV: 12    Int: 17    God:
Gold:   0          SH:  0    Dex: 15    Spells: 5/6 levels left

rFire   . . .      SeeInvis .     - Unarmed
rCold   . . .      Faith    .   (no shield)
rNeg    . . .      Spirit   .   a - +0 robe
rPois   .          Reflect  .   (helmet currently unavailable)
rElec   .          Harm     .   (no cloak)
rCorr   .          Rampage  .   (no gloves)
Will    .....                   (boots currently unavailable)
Stlth   +.........              (no amulet)
HPRegen 0.04/turn               (no ring)
MPRegen 0.10/turn               (no ring)

@: appendages (expiring)
A: horns 2, talons 2
a: End Transformation


You were on level 1 of the Dungeon.
You had temporarily grown beastly horns and talons.
You visited 1 branch of the dungeon, and saw 1 of its levels.

Inventory:

Missiles
 b - 19 stones
Armour
 a - a +0 robe (worn)


   Skills:
 + Level 1.2 Fighting
 - Level 2.4 Dodging
 - Level 2.4 Unarmed Combat
 - Level 3.0 Spellcasting
 - Level 2.1 Transmutations


You had 5 spell levels left.
You knew the following spells:

 Your Spells              Type           Power      Damage    Failure   Level
a - Beastly Appendage     Tmut           20%        N/A       7%          1

Your spell library contained the following spells:

 Spells                   Type           Power      Damage    Failure   Level
 Wereblood                Tmut           10%        N/A       11%         2
 Spider Form              Tmut/Pois      6%         N/A       32%         3
 Ice Form                 Ice/Tmut       6%         N/A       73%         4


Dungeon Overview and Level Annotations

Branches:
Dungeon (1/15)

Altars:


Innate Abilities, Weirdness & Mutations

You have temporarily grown beastly horns and talons.


Message History

The endoplasm is heavily wounded.
The endoplasm freezes you.
You are frozen.
You hit the endoplasm. You claw the endoplasm.
You kill the endoplasm!
You start resting.
Magic restored.
You start resting.
Your transformation is almost over.
Your horns disappear.
Your talons disappear.
HP restored.
A bat comes into view.
Found a stone staircase leading down.
A bat is nearby!
Casting: Beastly Appendage (safe; 7% risk of failure)
Press: ? - help, Q - select action, (/) - cycle Dir - look around, f - activate You grow a pair of large bovine horns.
Your feet morph into talons.
The bat hits you but does no damage.
You barely miss the bat. Your kick misses the bat.
The bat hits you but does no damage. x2
You closely miss the bat. Your kick misses the bat. The bat misses you.
The bat closely misses you. The bat hits you but does no damage.
The bat barely misses you.
You barely miss the bat. You headbutt the bat.
You kill the bat!
Your transformation is almost over.
Magic restored.
You see here a bat corpse.
A quokka comes into view.
Found 17 gold pieces.
The quokka barely misses you. The quokka bites you.
Casting: Beastly Appendage (safe; 7% risk of failure)
Press: ? - help, Q - select action, (/) - cycle Dir - look around, f - activate You extend your transformation's duration.
The quokka bites you.
* * * LOW HITPOINT WARNING * * *
Your transformation is almost over.
You aren't carrying any scrolls.
You aren't carrying any potions.
The quokka bites you.
You die...

....### . ... ......###
..###..## .....##.#
.$......# ##.#.##.#
......# ##.#....# ....#
.#.####.# #..# .#.#...##
#.##
.#.#.#.##############..#
.'...#.......#..@r....>#
.#.#.#######.#.#####+#.#
.+...# #...# ..# .#...#
##### ..# .##### ..# .#
..# .# ..# ##


You could see a quokka.

Vanquished Creatures
  An endoplasm (D:1)
  A hobgoblin (D:1)
  A bat (D:1)
3 creatures vanquished.

Notes
Turn   | Place    | Note
-------+----------+-------------------------------------------
     0 | D:1      | Armakuni the Deep Elf Transmuter began the quest for the
                  | Orb.
     0 | D:1      | Reached XP level 1. HP: 11/11 MP: 6/6
    32 | D:1      | Reached skill level 1 in Fighting
   365 | D:1      | Slain by a quokka

Illustrated notes

Levels and vault maps discovered:
D:1:      heliophobic_arrival_glass_houses, layout_basic

Skill      XL: |  1 |
---------------+----+-----
Fighting       | 1 |  1.2
Dodging        | |  2.4
Unarmed Combat | |  2.4
Spellcasting   | |  3.0
Transmutations | |  2.1

Action                   || total
-------------------------++-------
Melee: Unarmed           ||    15
       Headbutt          ||     3
       Kick              ||     2
       Punch             ||     1
 Cast: Beastly Appendage ||     4
Armor: Robe              ||     5
Dodge: Dodged            ||     8
